 Dungeon Crawl Stone Soup version 0.29-a0-563-g64e4043184 (webtiles) character file.

Game seed: 15880313563381568272

72 xian the Sneak (level 4, -1/27 HPs)
             Began as a Kobold Brigand on June 11, 2022.
             Slain by an orc
             ... wielding a +0 flail
              (4 damage)
             ... on level 3 of the Dungeon.
             The game lasted 00:06:51 (2532 turns).

xian the Sneak (Kobold Brigand)                     Turns: 2532, Time: 00:06:51

Health: -1/27      AC:  3    Str:  8    XL:     4   Next: 50%
Magic:  4/4        EV: 14    Int: 12    God:
Gold:   84         SH:  0    Dex: 18    Spells: 3/3 levels left

rFire   . . .      SeeInvis .   a - +2 dagger
rCold   . . .      Faith    .   (no shield)
rNeg    . . .      Spirit   .   b - +0 robe
rPois   .          Reflect  .   (no helmet)
rElec   .          Harm     .   c - +0 cloak
rCorr   .          Rampage  .   (no gloves)
Will    .....                   (no boots)
Stlth   +++++.....              (no amulet)
HPRegen 0.09/turn               (no ring)
MPRegen 0.09/turn               (no ring)

@: mighty
A: small, no large weapons, nightstalker 3
a: no special abilities


You were on level 3 of the Dungeon.
You visited 1 branch of the dungeon, and saw 3 of its levels.

You collected 84 gold pieces.

Inventory:

Hand Weapons
 a - a +2 dagger (weapon)
 i - a +0 hand axe of freezing
Missiles
 d - 9 poisoned darts (quivered)
 e - 3 curare-tipped darts
Armour
 b - a +0 robe (worn)
 c - a +0 cloak (worn)
Scrolls
 f - a scroll of immolation
 n - a scroll of fog
Potions
 g - 2 potions of cancellation {unknown}
 h - a potion of lignification
 j - a potion of curing
 k - a potion of might
 l - 2 potions of ambrosia {unknown}
 o - 3 potions of heal wounds {unknown}


   Skills:
 + Level 2.4 Fighting
 + Level 3.6 Short Blades
 + Level 2.3 Throwing
 + Level 1.7 Dodging
 + Level 6.9 Stealth


You had 3 spell levels left.
You didn't know any spells.
Your spell library contained the following spells:

 Spells                   Type           Power      Damage    Failure   Level
 Poisonous Vapours        Pois/Air       0%         N/A       45%         2
 Ignite Poison            Fire/Tmut/Pois 0%         N/A       69%         3
 Mephitic Cloud           Conj/Pois/Air  0%         N/A       69%         3
 Animate Armour           Summ/Erth      0%         N/A       97%         4
 Freezing Cloud           Conj/Ice/Air   0%         6-21      100%        5
 Lee's Rapid Deconstruct  Erth           0%         3d5*      100%        5
 Chain Lightning          Conj/Air       0%         N/A       100%        9
 Fire Storm               Conj/Fire      0%         5d1       100%        9
 Shatter                  Erth           0%         3d5*      100%        9


Dungeon Overview and Level Annotations

Branches:
Dungeon (3/15)

Altars:


Innate Abilities, Weirdness & Mutations

You are small and have problems with some larger weapons.
You are completely attuned to the shadows.


Message History

An orc wizard comes into view. It is wielding a +0 dagger.
The orc throws a stone.
The stone closely misses you.
The orc throws a stone.
The stone barely misses you.
As you read the scroll of fear, it crumbles to dust.
You assume a fearsome visage.
The orc looks frightened!
The orc wizard looks frightened!
The orc looks frightened!
The orc wizard mumbles some strange words.
The orc wizard flickers and vanishes!
Deactivating autopickup; reactivate with Ctrl-A.
An orc comes into view. It is wielding a +0 flail.
An orc comes into view. It is wielding a +0 hand axe.
The orc moves out of view.
A hobgoblin comes into view.
The hobgoblin shouts!
You hear a shout!
The orc shouts!
You hear a shout!
You hit the hobgoblin.
The hobgoblin is heavily wounded.
The hobgoblin closely misses you.
The orc throws a boomerang.
The boomerang completely misses you.
Okay, then.
Okay, then.
You feel very mighty all of a sudden. The hobgoblin misses you.
You hit the hobgoblin.
You kill the hobgoblin!
You puncture the orc!
You kill the orc!
An orc comes into view. It is wielding a +0 mace.
The orc barely misses you.
You hit the orc.
The orc is heavily wounded.
The orc closely misses you.
You hit the orc.
You kill the orc!
The orc barely misses you.
You puncture the orc!
You kill the orc!
The orc hits you with a +0 hand axe.
* * * LOW HITPOINT WARNING * * *
The orc attacks as you move away! The orc hits you with a +0 flail.
You die...

###)# #...... # #o###.#.#.# ..
###.........### ...
........#.#...##...
..#####............ ..##
###..##....o. # ...###
##.##..#.....
#....#####.###.o##... ####
#..#.#...####..o@)... ###...
##.....##..###...)... ###..##.
.##....####..#############..####.
..........###..#.......#..######.
####.###.#†.##.'..§≈§..'.##......
#...#.####..#......†#..#####..
###..###..#############..####.
#########..###.........#####..###
#....#...###.....###...##..###...


You could see 2 orcs.

Vanquished Creatures
  An adder (D:2)
  2 dart slugs
  5 orcs (D:3)
  5 ball pythons
  8 endoplasms
  2 giant cockroaches
  3 goblins
  5 hobgoblins
  5 kobolds
  A quokka (D:1)
  2 bats
  4 frilled lizards
  7 rats
50 creatures vanquished.

Notes
Turn   | Place    | Note
-------+----------+-------------------------------------------
     0 | D:1      | xian the Kobold Brigand began the quest for the Orb.
     0 | D:1      | Reached XP level 1. HP: 12/12 MP: 1/1
   116 | D:1      | Reached XP level 2. HP: 17/17 MP: 2/2
   870 | D:1      | Reached skill level 6 in Stealth
  1021 | D:1      | Reached XP level 3. HP: 18/21 MP: 3/3
  1615 | D:2      | Found a faded altar of an unknown god.
  1934 | D:2      | Reached XP level 4. HP: 25/27 MP: 4/4
  2035 | D:2      | Got Mefrun's Reference Book on Earthen Envenoming
  2532 | D:3      | Slain by an orc

Illustrated notes

Levels and vault maps discovered:
D:1:      saegor_arrival_simple_d, layout_basic, serial_forest,
          infiniplex_forest_lined_3_way, infiniplex_forest_lined_corner,
          infiniplex_forest_lined_corner, infiniplex_forest_fountain,
          infiniplex_forest_end_3, infiniplex_forest_lined_room_3,
          infiniplex_forest_clump_cross, minmay_misc_feat_doors,
          chequers_serial_rivers_small_3
D:2:      layout_basic, hellmonk_ecumenical_altar_prayer_group
D:3:      layout_rooms, nicolae_yredelemnul_corpse_copse,
          eat_drink_and_be_merry_uskayaw, glass_columns_a, grunt_decor_clamped

Skill      XL: |  1  2 |
---------------+-------+-----
Short Blades   | 3 |  3.6
Stealth        | 6 |  6.9
Fighting       | |  2.4
Throwing       | |  2.3
Dodging        | |  1.7

Action                   |  1- 3 |  4- 6 || total
-------------------------+-------+-------++-------
Melee: Dagger            |    93 |    39 ||   132
       Punch             |       |     1 ||     1
  Use: Scroll            |     8 |     2 ||    10
       Potion            |       |     1 ||     1
 Stab: Sleeping          |    17 |     6 ||    23
Armor: Robe              |    10 |     5 ||    15
Dodge: Dodged            |    50 |    26 ||    76

Table legend: (Time is in decaauts)
 A = Elapsed time spent in this place.
 B = Non-inter-level travel time spent in this place.
 C = Inter-level travel time spent in this place.
 D = Time resting spent in this place.
 E = Time spent auto-exploring this place.
 F = Levels seen in this place.
 G = Mean time per level.
                   A        B        C        D        E       F      G
               +--------+--------+--------+--------+--------+-----+--------+
         Total |   2517 |   2511 |      6 |      0 |   1944 |   3 |  839.0 |
       Dungeon |   2517 |   2511 |      6 |      0 |   1944 |   3 |  839.0 |
               +--------+--------+--------+--------+--------+-----+--------+

Top non-repeatable levels by time:
     D:1: 1235 daAuts
     D:2: 877 daAuts
     D:3: 405 daAuts
